 Dungeon Crawl Stone Soup version 0.31.0-12-g77e489cdc1 (webtiles) character file.

Game seed: 775310970467918938

24695 NarcSill the Cleaver (level 12, -4/94 HPs)
             Began as a Demonspawn Gladiator on Feb 22, 2024.
             Was an Elder of Makhleb.
             Slain by a harpy simulacrum (9 damage)
             ... in an ice cave.
             The game lasted 00:57:44 (14957 turns).

NarcSill the Cleaver (Demonspawn Gladiator)        Turns: 14957, Time: 00:57:44

Health: -4/94      AC: 31    Str: 30    XL:     12   Next: 82%
Magic:  12/12      EV:  7    Int:  6    God:    Makhleb [****..]
Gold:   553        SH:  4    Dex: 11    Spells: 11/11 levels left

rFire   . . .        N - +1 battleaxe (freeze)
rCold   + + .        (shield currently unavailable)
rNeg    . . .        M - +1 crystal plate armour {rC+}
rPois   .            c - +0 helmet
rElec   .            u - +2 cloak
rCorr   .            H - +2 pair of gloves {Str+3}
SInv    .            G - +0 pair of boots of Igeosso {*Slow Will++ Dex-4 Stlth+}
Will    ++...        (no amulet) Stlth
                     J - ring of protection from cold
HPRegen 0.35/turn    Y - ring of Pathuwko {Fly Str+5}
MPRegen 0.13/turn

%: random rage (3%), slow self (1%)
@: flying, hasted, studying Short Blades, very quick
A: claws 1, slimy green scales 1, demonic guardian 2, foul stench 2, large bone
plates 1, berserk 1, dopey 1, strong 1, inability to read after injury 1
a: Renounce Religion, Minor Destruction, Lesser Servant of Makhleb, Major
Destruction


You were in an ice cave.
You worshipped Makhleb.
Makhleb was greatly pleased with you.
You visited 2 branches of the dungeon, and saw 13 of its levels.
You also visited: Gauntlet and Ice Cave.

You collected 1174 gold pieces.
You spent 621 gold pieces at shops.

Inventory:

Hand Weapons
 i - a +0 executioner's axe of freezing
 N - a +1 battleaxe of freezing (weapon)
Missiles
 a - 5 silver javelins
 d - 13 throwing nets
 e - 9 javelins
 l - 5 datura-tipped darts
 x - 23 boomerangs
 B - 43 poisoned darts (quivered)
 U - a curare-tipped dart
Armour
 c - a +0 helmet (worn)
 u - a +2 cloak (worn)
 v - a +0 chain mail
 D - a +0 plate armour
 G - the +0 pair of boots of Igeosso (worn) {*Slow Will++ Dex-4 Stlth+}
   (You bought it in a shop on level 8 of the Dungeon)

   Dex-4:     It affects your dexterity (-4).
   Will++:    It greatly increases your willpower.
   *Slow:     It may slow you when you take damage.
   Stlth+:    It makes you more stealthy.
 H - a +2 pair of gloves of strength (worn)
 M - a +1 crystal plate armour of cold resistance (worn)
 P - +0 acid dragon scales
 Z - the +1 pair of gloves "Trusted Companion" {Rampage rN+ Dex+3}
   (You found it in a Gauntlet)

   Dex+3:     It affects your dexterity (+3).
   rN+:       It protects you from negative energy.
   Rampage:   It bestows one free step when moving towards enemies.
Jewellery
 f - a ring of fire
 k - the ring of Ascent {Str+3 Dex+6}
   (You found it on level 7 of the Dungeon)

   [ring of dexterity]

   Str+3:     It affects your strength (+3).
   Dex+6:     It affects your dexterity (+6).
 J - a ring of protection from cold (left hand)
 Y - the ring of Pathuwko (right hand) {Fly Str+5}
   (You found it in a Gauntlet)

   [ring of flight]

   Str+5:     It affects your strength (+5).
   Fly:       It grants you flight.
Wands
 j - a wand of mindburst (23)
 r - a wand of polymorph (9)
 y - a wand of flame (54)
 C - a wand of digging (9)
 E - a wand of iceblast (7)
 W - a wand of paralysis (19)
Scrolls
 b - a scroll of teleportation
 n - 6 scrolls of blinking
 q - a scroll of revelation
 z - 6 scrolls of fear
 T - 5 scrolls of identify
Potions
 h - a potion of enlightenment
 t - 3 potions of might
 A - 3 potions of cancellation
 I - a potion of resistance
 L - a potion of degeneration {unknown}
 O - a potion of ambrosia {unknown}
 Q - 3 potions of mutation
 S - a potion of magic {unknown}
 V - a potion of attraction {unknown}
 X - a potion of lignification {unknown}
Miscellaneous
 F - a phantom mirror


   Skills:
 + Level 8.6 Fighting
 - Level 2.6 Long Blades
 * Level 12.6(13.9) Axes
 - Level 9.5(12.4) Polearms
 + Level 3.8 Throwing
 + Level 7.7 Armour
 + Level 4.3 Dodging
 + Level 0.8 Stealth
 - Level 3.2 Shields
 + Level 0.3 Invocations
 + Level 0.1 Evocations


You had 11 spell levels left.
You didn't know any spells.
Your spell library contained the following spells:

 Spells                   Type           Power      Damage    Failure   Level
 Kiss of Death            Conj/Necr      0%         2d5       100%        1
 Necrotise                Necr           0%         1d4       100%        1
 Sandblast                Erth           0%         2d4       100%        1
 Confusing Touch          Hex            0%         N/A       100%        3
 Vampiric Draining        Necr           0%         2d6       100%        3
 Cause Fear               Hex            0%         N/A       100%        4
 Dispel Undead            Necr           0%         3d6       100%        4
 Leda's Liquefaction      Alch/Erth      0%         N/A       100%        4
 Martyr's Knell           Necr/Summ      0%         N/A       100%        4
 Curse of Agony           Necr           0%         N/A       100%        5
 Fireball                 Conj/Fire      0%         3d3       100%        5
 Iskenderun's Battlesphe  Conj           0%         2d6       100%        5
 Bombard                  Conj/Erth      0%         9d1       100%        6
 Sculpt Simulacrum        Ice/Alch       0%         N/A       100%        6
 Spellforged Servitor     Conj/Summ      0%         N/A       100%        7
 Dragon's Call            Summ           0%         N/A       100%        9
 Polar Vortex             Ice            0%         N/A       100%        9


Dungeon Overview and Level Annotations

Branches:
Dungeon (12/15)            Temple (1/1) D:5            Lair (0/5) D:10
  IceCv (1/1)             Gauntlet (visited)
    Orc: D:9-12

Altars:
Ashenzari
Cheibriados
Dithmenos
Fedhas
Gozag
Hepliaklqana
Kikubaaqudgha
Makhleb
Nemelex Xobeh
Okawaru
Qazlal
Ru
Sif Muna
Trog
Uskayaw
Vehumet
Wu Jian
Xom
Yredelemnul

Shops:
D:3 !   D:8 [*=


Innate Abilities, Weirdness & Mutations

You have sharp fingernails.
You are partially covered in slimy green scales. (AC +2)
A demonic guardian rushes to your aid.
You sometimes emit foul miasma when damaged in melee.
You are partially covered in large bone plates. (SH +4)
You sometimes lose your temper in combat.
You are dopey. (Int -2)
Your muscles are strong. (Str +4, Int/Dex -1)
You occasionally lose the ability to read scrolls when taking damage.


Message History

* * * LOW HITPOINT WARNING * * *
The harpy simulacrum freezes you. You resist.
* * * LOW HITPOINT WARNING * * *
The harpy simulacrum claws you but does no damage. x3
The harpy simulacrum claws you.
* * * LOW HITPOINT WARNING * * *
The harpy simulacrum freezes you. You resist.
* * * LOW HITPOINT WARNING * * *
You feel better.
The harpy simulacrum claws you but does no damage. x5
The harpy simulacrum barely misses you.
The harpy simulacrum claws you but does no damage. x2
Your rust devil cannot make way for you.
Unknown command.
Your rust devil cannot make way for you.
Unknown command.
You feel yourself speed up. The harpy simulacrum claws you.
* * * LOW HITPOINT WARNING * * *
The harpy simulacrum freezes you. You resist.
* * * LOW HITPOINT WARNING * * *
The harpy simulacrum barely misses you.
The harpy simulacrum claws you but does no damage. x4
You slash the harpy simulacrum!
The harpy simulacrum is moderately damaged.
You feel yourself speed up.
You block the harpy simulacrum's attack.
The harpy simulacrum barely misses you.
The harpy simulacrum claws you but does no damage.
The harpy simulacrum claws you.
* * * LOW HITPOINT WARNING * * *
The harpy simulacrum freezes you. You resist.
* * * LOW HITPOINT WARNING * * *
The harpy simulacrum claws you but does no damage.
The harpy simulacrum barely misses you.
The harpy simulacrum claws you but does no damage. x2
The harpy simulacrum attacks as it pursues you!
The harpy simulacrum barely misses you.
The harpy simulacrum claws you but does no damage.
The harpy simulacrum claws you!
You die...

#.⌠.###..##
#...# ###.#
#...# ##.#
##..# #..#
#######.##
#...# #..##
#.#.####
..##@.#≈###
##.
##Z≈≈≈≈# #
##≈≈≈≈≈##
#4≈≈≈Z≈≈#
##≈≈≈≈≈##
#≈≈≈≈Z†##
##≈#≈##)##
#####!:.#
#/=[#


You could see a death yak simulacrum, an elephant simulacrum and a harpy
simulacrum.

Vanquished Creatures
  A minotaur (Gauntlet)
  Erolcha (D:10)
  A centaur warrior (D:10)
  Erica (D:10)
  A death yak (D:10)
  2 boulder beetles (D:11)
  A bog body (IceCv)
  2 manticores (D:11)
  3 meliai (Gauntlet)
  5 elephants (Gauntlet)
  A torpor snail (Gauntlet)
  An unseen horror (D:11)
  A kobold demonologist (D:9)
  An anaconda simulacrum (IceCv)
  2 trolls
  3 hornets
  A dire elephant simulacrum (IceCv)
  4 wraiths (D:11)
  28 yaks
  Grum (D:9)
  A wyvern (D:10)
  A steam dragon (D:9)
  3 vampire mosquitoes
  2 death yak simulacra (IceCv)
  2 acid dragons
  A hydra simulacrum (IceCv)
  Duvessa (D:6)
  An ice beast (D:6)
  An orc warrior (D:7)
  2 sky beasts
  A black bear (D:5)
  2 ogres
  5 centaurs
  3 wolves (D:9)
  A phantom (D:5)
  5 kobold brigands
  3 bullfrogs
  7 gnoll sergeants
  A cane toad simulacrum (IceCv)
  7 two-headed ogre simulacra (IceCv)
  4 scorpions
  11 wights
  Dowan (D:6)
  26 killer bees
  An elephant simulacrum (IceCv)
  3 electric eels
  4 howler monkeys
  3 bombardier beetles (D:5)
  2 jellies
  2 gnoll boudas (D:8)
  5 hounds
  Crazy Yiuf (D:3)
  6 iguanas
  2 orc priests
  3 sleepcaps
  Jessica (D:3)
  9 orc wizards
  3 spriggan simulacra (IceCv)
  5 troll simulacra (IceCv)
  A wolf simulacrum (IceCv)
  39 gnolls
  7 adders
  A naga simulacrum (IceCv)
  A shadow imp (D:7)
  7 white imps
  6 ufetubi
  3 dart slugs
  A ribbon worm (D:2)
  31 orcs
  6 ball pythons
  4 bats
  5 endoplasms
  5 giant cockroaches
  16 goblins
  8 hobgoblins
  12 jackals
  30 kobolds
  4 quokkas
  5 frilled lizards
  6 rats
401 creatures vanquished.

Vanquished Creatures (collateral kills)
  A cyclops (D:11)
  An anaconda simulacrum (IceCv)
  Grinder (D:3)
  A yak (D:10)
  A wyvern (D:8)
  A vampire mosquito (D:11)
  A wight (D:10)
  An electric eel (D:10)
  A howler monkey (D:6)
  A gnoll (D:9)
  A naga simulacrum (IceCv)
  3 orcs
  A hobgoblin (D:2)
  A kobold (D:4)
16 creatures vanquished.

Vanquished Creatures (others)
  2 gnolls (D:8)
  An ufetubus (IceCv)
3 creatures vanquished.

Grand Total: 420 creatures vanquished

Notes
Turn   | Place    | Note
-------+----------+-------------------------------------------
     0 | D:1      | NarcSill the Demonspawn Gladiator began the quest for the
                  | Orb.
     0 | D:1      | Reached XP level 1. HP: 16/16 MP: 1/1
   181 | D:1      | Gained mutation: A weak demonic guardian rushes to your
                  | aid. [demonic ancestry]
   181 | D:1      | Reached XP level 2. HP: 22/22 MP: 2/2
   839 | D:2      | Gained mutation: You may rarely emit foul miasma when
                  | damaged in melee. [demonic ancestry]
   839 | D:2      | Reached XP level 3. HP: 22/27 MP: 3/3
  1673 | D:3      | Reached XP level 4. HP: 28/34 MP: 4/4
  1719 | D:3      | Found Lituug's Distillery.
  1728 | D:3      | Bought a potion of mutation for 80 gold pieces
  1728 | D:3      | Bought a potion of heal wounds for 50 gold pieces
  1728 | D:3      | Gained mutation: Your magical capacity is low. (-10% MP)
                  | [potion of mutation]
  1728 | D:3      | Gained mutation: Your body sometimes deteriorates upon
                  | taking damage. [potion of mutation]
  1728 | D:3      | Gained mutation: You are dopey. (Int -2) [potion of
                  | mutation]
  1728 | D:3      | Gained mutation: You are partially covered in large bone
                  | plates. (SH +4) [potion of mutation]
  1759 | D:3      | Noticed Jessica
  1767 | D:3      | Killed Jessica
  2048 | D:3      | Lost mutation: Your body sometimes deteriorates upon taking
                  | damage. [potion of mutation]
  2048 | D:3      | Lost mutation: Your magical capacity is low. (-10% MP)
                  | [potion of mutation]
  2048 | D:3      | Gained mutation: You occasionally lose the ability to read
                  | scrolls when taking damage. [potion of mutation]
  2048 | D:3      | Gained mutation: You sometimes lose your temper in combat.
                  | [potion of mutation]
  2048 | D:3      | Gained mutation: Your muscles are strong. (Str +4, Int/Dex
                  | -1) [potion of mutation]
  2060 | D:3      | Noticed Grinder
  2070 | D:3      | Killed Grinder
  2071 | D:3      | Reached skill level 5 in Polearms
  2071 | D:3      | Reached skill level 1 in Armour
  2071 | D:3      | Gained mutation: You sometimes emit foul miasma when
                  | damaged in melee. [demonic ancestry]
  2071 | D:3      | Reached XP level 5. HP: 23/41 MP: 5/5
  2071 | D:3      | Gained mutation: You are partially covered in slimy green
                  | scales. (AC +2) [demonic ancestry]
  2071 | D:3      | Reached XP level 6. HP: 26/47 MP: 6/6
  2250 | D:3      | Found a runed translucent door.
  2251 | D:3      | Noticed Crazy Yiuf
  2337 | D:3      | Killed Crazy Yiuf
  2694 | D:4      | Found a radiant altar of Vehumet.
  3351 | D:5      | Entered Level 5 of the Dungeon
  3420 | D:5      | Reached XP level 7. HP: 52/52 MP: 7/7
  3432 | D:5      | Found a staircase to the Ecumenical Temple.
  3455 | Temple   | Entered the Ecumenical Temple
  4222 | D:5      | Reached XP level 8. HP: 58/58 MP: 8/8
  4279 | D:5      | Reached skill level 1 in Shields
  5057 | D:6      | Noticed Dowan
  5059 | D:6      | Noticed Duvessa
  5415 | D:6      | Noticed a troll
  5430 | D:6      | Killed Dowan
  5435 | D:6      | Killed a troll
  5445 | D:6      | Killed Duvessa
  5454 | D:6      | Reached XP level 9. HP: 15/66 MP: 9/9
  6289 | D:7      | Identified the ring of Ascent {Str+3 Dex+6}
  6764 | D:7      | Reached skill level 5 in Fighting
  6935 | D:8      | Reached skill level 5 in Armour
  7020 | D:8      | Reached skill level 1 in Axes
  7053 | D:8      | Reached skill level 2 in Axes
  7523 | D:8      | Reached skill level 3 in Axes
  7640 | D:8      | Reached XP level 10. HP: 66/74 MP: 10/10
  7849 | D:8      | Reached skill level 4 in Axes
  7932 | D:8      | Found Wirigh's Antique Armour Shop.
  7936 | D:8      | Bought a pair of encrusted boots for 190 gold pieces
  7936 | D:8      | Identified the +0 pair of boots of Igeosso {*Slow Will++
                  | Dex-4 Stlth+} (You bought it in a shop on level 8 of the
                  | Dungeon)
  7987 | D:8      | Found Kioshrov's Jewellery Shop.
  8220 | D:8      | Found Kererel's General Store.
  8233 | D:8      | Bought a +2 pair of gloves of strength for 301 gold pieces
  8686 | D:8      | Reached skill level 5 in Axes
  9526 | D:9      | Found a burning altar of Makhleb.
  9540 | D:9      | Became a worshipper of Makhleb the Destroyer
  9578 | D:9      | Reached skill level 6 in Axes
 10332 | D:9      | Reached * piety under Makhleb
 10480 | D:9      | Reached skill level 1 in Long Blades
 10541 | D:9      | Noticed Grum
 10561 | D:9      | Killed Grum
 10714 | D:9      | Gained mutation: A demonic guardian rushes to your aid.
                  | [demonic ancestry]
 10714 | D:9      | Reached XP level 11. HP: 78/83 MP: 11/11
 10922 | D:10     | Entered Level 10 of the Dungeon
 11019 | D:10     | Reached skill level 7 in Axes
 11170 | D:10     | Noticed Erica
 11186 | D:10     | Killed Erica
 11464 | D:10     | Reached skill level 8 in Axes
 11507 | D:10     | Found a basalt altar of Yredelemnul.
 11522 | D:10     | Found a staircase to the Lair.
 11543 | D:10     | Reached ** piety under Makhleb
 11751 | D:10     | Noticed a centaur warrior
 11773 | D:10     | Killed a centaur warrior
 11966 | D:10     | Reached skill level 9 in Axes
 12102 | D:10     | Noticed Erolcha
 12109 | D:10     | Killed Erolcha
 12186 | D:10     | Noticed a death yak
 12199 | D:10     | Killed a death yak
 12213 | D:10     | Reached skill level 10 in Axes
 12623 | D:11     | Gained mutation: You have sharp fingernails. [demonic
                  | ancestry]
 12623 | D:11     | Reached XP level 12. HP: 57/91 MP: 12/12
 12719 | D:11     | Noticed a boulder beetle
 12731 | D:11     | Killed a boulder beetle
 12859 | D:11     | Noticed a boulder beetle
 12873 | D:11     | Killed a boulder beetle
 12874 | D:11     | Reached skill level 11 in Axes
 12917 | D:11     | Found a gate leading to a gauntlet.
 12926 | Gauntlet | Entered a Gauntlet
 12926 | Gauntlet | Found a transporter.
 12926 | Gauntlet | Found a transporter.
 12926 | Gauntlet | Found a transporter.
 12941 | Gauntlet | Found a transporter.
 12941 | Gauntlet | Found a transporter.
 12945 | Gauntlet | Found a runed translucent door.
 12947 | Gauntlet | Found a runed translucent door.
 12955 | Gauntlet | Found a transporter.
 12958 | Gauntlet | Found a transporter.
 12962 | Gauntlet | Found a runed translucent door.
 12962 | Gauntlet | Found a runed translucent door.
 12966 | Gauntlet | Found a transporter.
 12984 | Gauntlet | Found a transporter.
 13001 | Gauntlet | Found a transporter.
 13004 | Gauntlet | Found a transporter.
 13014 | Gauntlet | Found a transporter.
 13269 | Gauntlet | Paralysed by a hornet for 2 turns
 13274 | Gauntlet | Reached *** piety under Makhleb
 13416 | Gauntlet | Identified the ring of Pathuwko {Fly Str+5}
 13699 | Gauntlet | Identified the +1 pair of gloves "Trusted Companion"
                  | {Rampage rN+ Dex+3}
 13793 | Gauntlet | Noticed a minotaur
 13800 | Gauntlet | Killed a minotaur
 13863 | Gauntlet | Got Sif Muna's Codex of Lithic Ice
 13967 | D:11     | Reached skill level 12 in Axes
 14400 | D:12     | Found a frozen archway.
 14411 | IceCv    | Entered an ice cave
 14889 | IceCv    | Reached **** piety under Makhleb
 14957 | IceCv    | Slain by a harpy simulacrum

Illustrated notes

Levels and vault maps discovered:
D:1:      dpeg_arrival_rhombus, layout_basic,
          nicolae_concentric_dashed_squares_wild, minmay_split_cup_small
D:2:      layout_basic
D:3:      layout_basic, serial_shops, shop, uniq_crazy_yiuf_cottage,
          uniq_grinder, uniq_jessica
D:4:      corexii_shantytown, layout_rooms, vehumet_altar_wand_db
D:5:      minmay_polygon_palace, layout_basic, temple_fountains
D:6:      minmay_spotlight, layout_basic, uniq_duvessa
D:7:      layout_basic, zin_statuary
D:8:      layout_cave_pools, serial_shops, nicolae_shop_trees,
          serial_gnoll_camp, gnoll_camp_huts_moat, gnoll_camp_mini_basic,
          gnoll_camp_mini_shop, gnoll_camp_mini_shop, gnoll_camp_medium_01,
          hangedman_abyss_or_decor_stagger
D:9:      layout_grid_maze, bloody_makhleb, enter_bailey_3, uniq_grum
D:10:     argonaut_augean_stables, layout_stronghold, old_standard_altar,
          grunt_ministairs_1, uniq_erica, uniq_erolcha
D:11:     layout_rooms, gauntlet_entry_generic
D:12:     layout_basic, orc_0_dummy, portal_ice_cave_entry_pillars_1
Temple:   dpeg_three_leaves_temple
IceCv:    ice_cave_caverns_02

Skill      XL: |  1  2  3  4  5  6  7  8  9 10 11 12 |
---------------+-------------------------------------+-----
Throwing       | 2 3 |  3.8
Polearms       | 3 5 7 8 9 |  9.5
Dodging        | 3 4 |  4.3
Fighting       | 3 4 5 6 7 8 |  8.6
Armour         | 1 2 4 5 6 7 |  7.7
Shields        | 1 2 3 |  3.2
Axes           | 3 6 10 12 | 12.6
Long Blades    | 2 |  2.6
Stealth        | |  0.8
Invocations    | |  0.3
Evocations     | |  0.1

Action                     |  1- 3 |  4- 6 |  7- 9 | 10-12 || total
---------------------------+-------+-------+-------+-------++-------
  Melee: Trident           |   103 |   167 |   350 |       ||   620
         Punch             |     3 |     1 |     5 |       ||     9
         Battleaxe         |       |       |    91 |   602 ||   693
  Throw: Boomerang         |       |     7 |    25 |    33 ||    65
         Dart              |       |       |       |     5 ||     5
 Invoke: Lesser Servant of |       |       |       |     1 ||     1
  Evoke: Wand              |       |       |       |     2 ||     2
    Use: Scroll            |     3 |     2 |    10 |     2 ||    17
         Potion            |       |     2 |     5 |    15 ||    22
   Stab: Distracted        |       |       |       |     1 ||     1
 Armour: Leather armour    |     9 |       |       |       ||     9
         Ring mail         |    36 |    16 |       |       ||    52
         Chain mail        |       |    45 |   117 |       ||   162
         Plate armour      |       |       |   324 |   808 ||  1132
         Crystal plate arm |       |       |       |   126 ||   126
  Dodge: Dodged            |    31 |    46 |   249 |   377 ||   703
  Block: Other             |       |    20 |    81 |   149 ||   250
